 Dungeon Crawl Stone Soup version 0.27.1-33-g824d729ab1 (webtiles) character file.

Game seed: 7398887561891043803

57 zeram the Sneak (level 4, 0/28 HPs)
             Began as an Octopode Artificer on Dec 25, 2021.
             Slain by a gnoll (9 damage)
             ... on level 2 of the Dungeon.
             The game lasted 00:02:42 (2289 turns).

zeram the Sneak (Octopode Artificer)                Turns: 2289, Time: 00:02:43

Health: 0/28       AC:  1    Str: 11    XL:     4   Next: 0%
Magic:  4/4        EV: 13    Int: 14    God:
Gold:   37         SH:  0    Dex: 12    Spells: 3/3 levels left

rFire    . . .     SeeInvis .   e - +0 dagger
rCold    . . .     Faith    .   (no shield)
rNeg     . . .     Spirit   .   (helmet restricted)
rPois    .         Reflect  .   (no amulet)
rElec    .         Harm     .   (no ring)
rCorr    .         Rampage  .   (no ring)
Will     .....                  (no ring)
Stlth    ++++......             (no ring)
HPRegen  0.09/turn              (no ring)
MPRegen  0.09/turn              (no ring)
                                (no ring)
                                (no ring)

@: no status effects
A: almost no armour, amphibious, 8 rings, camouflage 1, gelatinous body 1,
(nimble swimmer 1), tentacles
a: no special abilities


You were on level 2 of the Dungeon.
You visited 1 branch of the dungeon, and saw 3 of its levels.

You collected 37 gold pieces.

Inventory:

Hand Weapons
 a - a +0 club
 e - a +0 dagger (weapon)
Wands
 b - a wand of flame (14) (quivered)
 c - a wand of charming (14)
Scrolls
 g - a scroll of fear {unknown}
Potions
 f - a potion of lignification
 h - a potion of invisibility {unknown}
 i - a potion of curing {unknown}
Miscellaneous
 d - a piece from Xom's chessboard (15/15)


   Skills:
 - Level 1.0 Fighting
 - Level 2.3 Dodging
 + Level 5.4 Stealth
 - Level 3.2 Evocations


You had 3 spell levels left.
You didn't know any spells.
Your spell library was empty.

Dungeon Overview and Level Annotations

Branches:
Dungeon (3/15)

Altars:
Cheibriados
Sif Muna
Zin


Innate Abilities, Weirdness & Mutations

You cannot wear most types of armour.
You are amphibious.
You can wear up to eight rings at the same time.
Your skin changes colour to match your surroundings (Stealth+).
Your rubbery body absorbs attacks. (AC +1, EV +1)
((You are camouflaged near water. (Stealth+)))
You have tentacles for arms and can constrict up to eight enemies at once.


Message History

g - a scroll labelled FYMMUDEE ERODE A gnoll comes into view.
It is wielding a +0 spear.
A gnoll is nearby!
A gnoll comes into view. It is wielding a +0 spear.
Found a glowing silver altar of Zin.
A gnoll comes into view. It is wielding a +0 flail.
A gnoll comes into view. It is wielding a +0 flail.
A goblin comes into view. It is wielding a +0 dagger.
The gnoll shouts! x3
You closely miss the goblin. Your grab misses the goblin.
The goblin hits you with a +0 dagger.
You closely miss the goblin. You grab the goblin. You constrict the goblin.
The goblin barely misses you.
You hit the goblin.
The goblin is heavily wounded.
You constrict the goblin.
You kill the goblin!
You have reached level 4!
The gnoll hits you from afar with a +0 spear.
There is a stone staircase leading up here.
The gnoll hits you with a +0 spear!
There is a stone staircase leading up, spattered with blood here.
The gnoll hits you with a +0 spear.
You climb upwards.
There is a stone staircase leading down here.
You barely miss the gnoll. Your grab misses the gnoll. You squeeze the gnoll.
The gnoll is moderately wounded.
The gnoll completely misses you.
You hit the gnoll but do no damage. You grab the gnoll.
The gnoll is moderately wounded.
You constrict the gnoll, but do no damage.
The gnoll hits you with a +0 spear!
You hit the gnoll but do no damage.
The gnoll is moderately wounded.
You constrict the gnoll, but do no damage.
The gnoll barely misses you.
You hit the gnoll.
The gnoll is heavily wounded.
You constrict the gnoll. The gnoll hits you with a +0 spear!
You die...

#########
.#......#
.#.####.# .#.# #.#
.#†# #.#
.#.####.##########
)..............g@#
.#.#########.#####
.#.##...........#
##.##...........#
...##...........#
#####...........#
#########.......#
#......##...(...#
#.............###


You could see a gnoll.

Vanquished Creatures
  A gnoll (D:1)
  2 dart slugs (D:2)
  4 ball pythons
  2 bats
  3 endoplasms (D:1)
  4 giant cockroaches
  6 goblins
  3 hobgoblins
  3 jackals (D:1)
  2 quokkas
  A frilled lizard (D:1)
  2 kobolds (D:1)
  4 rats
37 creatures vanquished.

Vanquished Creatures (collateral kills)
  A jackal (D:1)
1 creature vanquished.

Grand Total: 38 creatures vanquished

Notes
Turn   | Place    | Note
-------+----------+-------------------------------------------
     0 | D:1      | zeram the Octopode Artificer began the quest for the Orb.
     0 | D:1      | Reached XP level 1. HP: 13/13 MP: 1/1
   158 | D:1      | Reached skill level 2 in Stealth
   191 | D:1      | Reached skill level 3 in Stealth
   191 | D:1      | Reached XP level 2. HP: 16/18 MP: 2/2
   272 | D:1      | Reached skill level 4 in Stealth
   315 | D:1      | Reached XP level 3. HP: 5/23 MP: 3/3
   977 | D:1      | Found a faded altar of an unknown god.
  1533 | D:2      | Reached skill level 5 in Stealth
  2163 | D:2      | Found a shimmering blue altar of Sif Muna.
  2245 | D:3      | Found a snail-covered altar of Cheibriados.
  2252 | D:3      | Found a glowing silver altar of Zin.
  2260 | D:3      | Reached XP level 4. HP: 28/28 MP: 4/4
  2289 | D:2      | Slain by a gnoll

Illustrated notes

Levels and vault maps discovered:
D:1:      dpeg_arrival_fog, layout_loops_ring,
          shapermc_ecumenical_altar_mp_highgroup
D:2:      layout_basic, basic_altar, bh_walls_and_bars
D:3:      layout_loops_corners, yredelemnul_forgotten_temple_becter,
          mainiacjoe_overflow_large_starburst, uniq_terence

Skill      XL: |  1  2  3 |
---------------+----------+-----
Stealth        | 3 4 5 |  5.4
Fighting       | |  1.0
Dodging        | |  2.3
Evocations     | |  3.2

Action                   |  1- 3 |  4- 6 || total
-------------------------+-------+-------++-------
Melee: Dagger            |    69 |     4 ||    73
       Club              |     7 |       ||     7
       Constrict         |    18 |     1 ||    19
       Tentacles         |    11 |     1 ||    12
Evoke: Wand              |     2 |       ||     2
  Use: Scroll            |     3 |       ||     3
 Stab: Sleeping          |    17 |       ||    17
Armor: Skin              |     3 |       ||     3
Dodge: Dodged            |    47 |     2 ||    49
